 Dungeon Crawl Stone Soup version 0.28-a0-1182-g381e24db82 (webtiles) character file.

Game seed: 12204300593191800340

90631 Lavandula the Brawler (level 16, -12/94 (108) HPs)
             Began as a Formicid Transmuter on Dec 17, 2021.
             Was a High Priest of Ru.
             Mangled by a goliath frog (16 damage)
             ... on level 2 of the Swamp.
             The game lasted 01:17:23 (26745 turns).

Lavandula the Brawler (Formicid Transmuter)        Turns: 26745, Time: 01:17:24

HP:   -12/94 (108)  AC:  5    Str: 15      XL:     16   Next: 47%
MP:   0/24          EV: 17    Int: 20 (21) God:    Ru [*****.]
Gold: 768           SH:  0    Dex: 16 (17) Spells: 4/35 levels left

rFire   . . .      SeeInvis +     - Unarmed
rCold   + . .      Faith    .   (shield unavailable)
rNeg    . . .      Spirit   +   x - +0 troll leather armour
rPois   .          Reflect  .   (helmet unavailable)
rElec   .          Harm     .   R - +0 cloak of the Onion {Stlth+}
rCorr   +          Rampage  .   (no gloves)
Will    ++...                   (no boots)
Stlth   +.........              Q - amulet of Freedom {Spirit rC+ rCorr}
HPRegen 1.05/turn               (ring unavailable)
MPRegen 0.19/turn               U - ring "Ygiagock" {Will+ Dex+6 Slay+3}

@: exhausted, flying, very heavily contaminated, glowing, heavily drained,
unable to read
A: permanent stasis, dig shafts and tunnels, antennae 3, low mp 2, inability to
read while threatened, missing a hand, inability to train armour, four strong
arms, deterioration 1, frail 1
a: Dig, Shaft Self, Renounce Religion, Draw Out Power, Power Leap, Apocalypse


You were on level 2 of the Swamp.
You worshipped Ru.
Ru was extremely pleased with you.
You visited 5 branches of the dungeon, and saw 24 of its levels.
You also visited: Sewer and Gauntlet.

You collected 4496 gold pieces.
You spent 3728 gold pieces at shops.

Inventory:

Hand Weapons
 n - the +9 staff of Wucad Mu {*channel}
   (You acquired it on level 1 of the Orcish Mines)

   It occasionally powers its wielder's spells, but with a chance of causing
   confusion or draining the wielder's intelligence.
   It becomes more likely to activate and less likely to backfire with increased
   Evocations skill.
 B - the +7 war axe "Cofadu" {pain, rC+}
   (You found it on level 7 of the Dungeon)

   In the hands of one skilled in necromantic magic, it inflicts extra damage on
   living creatures.
   rC:        It protects you from cold.
Missiles
 q - 77 poisoned darts
 C - 2 throwing nets
 V - 19 javelins
Armour
 d - a +0 leather armour of cold resistance
 x - a +0 troll leather armour (worn)
 P - a +2 leather armour of fire resistance
 R - the +0 cloak of the Onion (worn) {Stlth+}
   (You found it in a Gauntlet)

   Stlth:     It makes you more stealthy.
 Y - the +1 ring mail of Egalitarianism {rElec Will+ rCorr}
   (You found it in a Gauntlet)

   rElec:     It insulates you from electricity.
   rCorr:     It protects you from acid and corrosion.
   Will:      It increases your willpower.
Jewellery
 A - a ring of wizardry
 E - the ring "Saruoshulats" {rF+ rN+}
   (You acquired it on level 1 of the Orcish Mines)

   [ring of protection from fire]

   rF:        It protects you from fire.
   rN:        It protects you from negative energy.
 Q - the amulet of Freedom (around neck) {Spirit rC+ rCorr}
   (You found it in a Gauntlet)

   [amulet of guardian spirit]

   It causes incoming damage to be divided between your reserves of health and
   magic.
   rC:        It protects you from cold.
   rCorr:     It protects you from acid and corrosion.
 S - the ring "Onnifue" {rN+ Will+ Str+2}
   (You found it in a Gauntlet)

   [ring of positive energy]

   Str:       It affects your strength (+2).
   rN:        It protects you from negative energy.
   Will:      It increases your willpower.
 U - the ring "Ygiagock" (right hand) {Will+ Dex+6 Slay+3}
   (You took it off a minotaur in a Gauntlet)

   [ring of willpower]

   Dex:       It affects your dexterity (+6).
   Slay:      It affects your accuracy & damage with ranged weapons and melee
   (+3).
   Will:      It increases your willpower.
Wands
 c - a wand of polymorph (6)
 p - a wand of paralysis (7)
 s - a wand of flame (19)
 z - a wand of charming (3)
 D - a wand of digging (6)
 H - a wand of iceblast (14)
 L - a wand of acid (5)
 X - a wand of mindburst (8)
Scrolls
 b - 2 scrolls of fear
 f - 6 scrolls of immolation
 j - 4 scrolls of enchant armour {unknown}
 t - 3 scrolls of magic mapping
 v - a scroll of holy word
 y - 2 scrolls of amnesia
 F - a scroll of identify
 I - a scroll of vulnerability
 J - 3 scrolls of silence
 T - 2 scrolls of fog
Potions
 e - a potion of berserk rage {unknown}
 g - 4 potions of flight
 h - 5 potions of degeneration {unknown}
 i - 3 potions of invisibility
 k - 7 potions of lignification {unknown}
 l - 3 potions of mutation {unknown}
 m - 5 potions of curing
 o - 3 potions of heal wounds
 r - 2 potions of might {unknown}
 u - a potion of haste {unknown}
 w - a potion of magic {unknown}
 G - 2 potions of resistance {unknown}
 K - 4 potions of attraction {unknown}
 M - 3 potions of brilliance {unknown}
 N - 2 potions of ambrosia
 W - a potion of cancellation {unknown}
Miscellaneous
 a - a phial of floods
 O - a condenser vane (inert)
 Z - a lightning rod (inert)


   Skills:
 - Level 9.0 Fighting
 - Level 11.0 Dodging
 + Level 17.6 Unarmed Combat
 - Level 10.0 Spellcasting
 - Level 3.4 Conjurations
 - Level 10.0 Necromancy
 - Level 6.0 Transmutations
 - Level 3.0 Ice Magic
 - Level 4.0 Earth Magic
 - Level 3.0 Poison Magic
 - Level 5.0 Evocations


You had 4 spell levels left.
You knew the following spells:

 Your Spells              Type           Power      Damage    Failure   Level
a - Beastly Appendage     Tmut           68%        N/A       1%          1
b - Wereblood             Tmut           34%        N/A       1%          2
c - Spider Form           Tmut/Pois      28%        N/A       4%          3
d - Ice Form              Ice/Tmut       28%        N/A       13%         4
e - Borgnjor's Vile Clut  Necr/Erth      19%        N/A       13%         5
f - Death Channel         Necr           25%        N/A       22%         6
g - Irradiate             Conj/Tmut      14%        3d18      34%         5
h - Blade Hands           Tmut           17%        N/A       21%         5

Your spell library contained the following spells:

 Spells                   Type           Power      Damage    Failure   Level
 Sandblast                Erth           52%        2d12      1%          1
 Corpse Rot               Necr/Air       60%        N/A       1%          2
 Passwall                 Tmut/Erth      25%        N/A       1%          2
 Animate Dead             Necr           25%        N/A       1%          4
 Dispel Undead            Necr           50%        3d19      1%          4
 Foxfire                  Conj/Fire      64%        2x1d7     4%          1
 Stone Arrow              Conj/Erth      48%        3d10      5%          3
 Static Discharge         Conj/Air       16%        N/A       6%          2
 Poisonous Vapours        Pois/Air       32%        N/A       7%          2
 Summon Small Mammal      Summ           40%        N/A       9%          1
 Petrify                  Tmut/Erth      30%        N/A       11%         4
 Scorch                   Fire           20%        2d6       13%         2
 Conjure Flame            Conj/Fire      16%        6-21      13%         3
 Dazzling Flash           Conj/Hex       32%        N/A       13%         3
 Call Canine Familiar     Summ           10%        N/A       26%         3
 Inner Flame              Hex/Fire       10%        N/A       26%         3
 Summon Guardian Golem    Hex/Summ       10%        N/A       26%         3
 Flame Wave               Conj/Fire      16%        2d5       38%         4
 Agony                    Necr           50%        N/A       3%          5
 Iskenderun's Battlesphe  Conj           23%        2d8       50%         5
 Fireball                 Conj/Fire      8%         3d6       75%         5
 Lightning Bolt           Conj/Air       8%         1d20      75%         5
 Metabolic Englaciation   Hex/Ice        8%         N/A       77%         5
 Statue Form              Tmut/Erth      20%        N/A       86%         6
 Silence                  Hex/Air        5%         N/A       93%         5
 Dragon Form              Tmut           17%        N/A       99%         7
 Conjure Ball Lightning   Conj/Air       8%         3x3d6     100%        6
 Summon Cactus Giant      Summ           5%         N/A       100%        6
 Orb of Destruction       Conj           11%        9d5       100%        7
 Maxwell's Capacitive Co  Air            5%         ∞         100%        8
 Necromutation            Tmut/Necr      21%        N/A       100%        8
 Shatter                  Erth           13%        3d13*     100%        9
 Swiftness                Air            Unusable   N/A       N/A         3

Dungeon Overview and Level Annotations

Branches:
Dungeon (13/15)            Temple (1/1) D:4            Lair (6/6) D:8
  Swamp (2/4) Lair:4        Snake (0/4) Lair:3        Slime (0/5) Lair:5
    Orc (2/2) D:10            Elf (0/3) Orc:2         Sewer (visited)
Gauntlet (visited)
 Vaults: D:13-14

Altars:
Ashenzari
Cheibriados
Dithmenos
Elyvilon
Fedhas
Gozag
Hepliaklqana
Kikubaaqudgha
Makhleb
Nemelex Xobeh
Okawaru
Qazlal
Ru
Sif Muna
Trog
Uskayaw
Vehumet
Wu Jian
Xom
Yredelemnul
Zin
The Shining One
Jiyva

Shops:
D:5 *=   Orc:1 (*?*(   Orc:2 [(:

Annotations:
D:6 exclusion: centaur
Lair:3 2 transporters, Behiugoeme's ghost, journeyman DECj
Lair:5 exclusion: ice statue


Innate Abilities, Weirdness & Mutations

You cannot be hasted, slowed, berserked, paralysed or teleported.
You can dig through walls and to a lower floor.
You have a pair of large antennae on your head. (SInv)
Your magical capacity is very low. (-20% MP)
You sometimes lose the ability to read scrolls when taking damage.
You are missing a hand.
You cannot train Armour skill.
Your four strong arms can wield two-handed weapons with a shield.
Your body sometimes deteriorates upon taking damage.
You are frail. (-10% HP)


Message History

You don't have enough magic to cast this spell.
Unknown command.
Aiming: Corrosive Bolt
Press: ? - help, Shift-Dir - straight line, f - five-headed hydra
Aim: a five-headed hydra (moderately wounded, misshapen and mutated, softly glowing, 94% to hit)
The bolt of acid hits the five-headed hydra!
The five-headed hydra is heavily wounded.
The five-headed hydra barely misses you.
The five-headed hydra misses you. The five-headed hydra bites you.
The five-headed hydra barely misses you.
The five-headed hydra bites you!
Unknown command.
You cannot read scrolls in your current state!
Unknown command.
You feel very buoyant.
You fly up into the air.
The goliath frog misses you. The five-headed hydra misses you.
The five-headed hydra bites you!
* * * LOW HITPOINT WARNING * * *
The five-headed hydra bites you.
* * * LOW HITPOINT WARNING * * *
The five-headed hydra misses you.
The five-headed hydra closely misses you.
The five-headed hydra bites you but does no damage.
The five-headed hydra bites you.
* * * LOW HITPOINT WARNING * * *
The five-headed hydra misses you. x2; The five-headed hydra bites you!
* * * LOW HITPOINT WARNING * * *
The goliath frog hits you but does no damage.
Unknown command.
A swamp worm comes into view.
You redirect the spriggan druid's attack!
The five-headed hydra bites you but does no damage.
The five-headed hydra misses you. The five-headed hydra bites you.
* * * LOW HITPOINT WARNING * * *
The five-headed hydra bites you but does no damage.
The five-headed hydra bites you!
* * * LOW HITPOINT WARNING * * *
Unknown command.
The goliath frog hits you from afar!
You die...

≈ ≈≈≈≈≈.
≈≈.♣♣♣♣♣♣♣.≈........
≈.♣.≈......≈♣♣♣....?.
...§≈<.<.≈§.§♣≈..≈≈w≈≈
≈.≈≈.≈♣♣.≈≈......≈≈≈≈≈.
≈≈≈≈.≈♣....≈....≈≈.≈≈§.
....≈≈..≈≈≈≈......?≈≈§^
≈.♣ ♣≈≈≈≈≈≈≈≈§≈.≈.≈≈≈§≈
≈ ♣.≈≈≈≈.†@≈≈..§≈≈.≈
♣♣....§≈D≈≈i≈≈.♣
♣...≈≈≈n†F≈≈§.♣
♣♣♣≈.≈≈≈†..≈≈.♣
♣§...≈≈≈..≈≈≈.♣
♣♣....≈..≈≈≈..♣
♣♣♣♣≈♣≈≈≈≈≈...♣
♣≈...≈≈≈≈...♣
♣≈..≈.≈≈≈≈.≈≈≈♣


You could see a five-headed hydra (misshapen, corona), a spriggan druid, a
goliath frog, a swamp worm (wandering) and a bloated husk.

Vanquished Creatures
  Gastronok (Lair:2)
  2 fenstrider witches (Swamp:1)
  An orc warlord (Orc:1)
  A bunyip (Swamp:1)
  A minotaur (Gauntlet)
  3 catoblepae (Lair:6)
  Erica (Lair:1)
  A centaur warrior (D:10)
  14 hydras
  2 ogre magi (Orc:2)
  An alligator (Swamp:1)
  8 two-headed ogres
  8 death yaks (Lair:6)
  A tengu warrior (D:13)
  2 orc high priests
  Urug (Lair:2)
  4 bog bodies
  A deep troll (Orc:2)
  4 orc knights (Orc:1)
  A spriggan druid (Swamp:1)
  A lindwurm (Lair:6)
  2 orc sorcerers
  3 manticores
  2 ugly things (D:13)
  3 cyclopes
  13 elephants
  A will-o-the-wisp (Swamp:1)
  Maurice (D:9)
  7 black mambas
  12 cane toads
  A gargoyle (D:10)
  Maggie (Lair:1)
  5 rime drakes
  18 komodo dragons
  10 trolls
  9 polar bears
  2 tyrant leeches
  9 blink frogs
  3 hornets (Swamp:1)
  5 dream sheep (Lair:4)
  5 spriggans (Swamp:1)
  2 wyverns
  2 vampires
  61 yaks
  Grum (D:8)
  5 basilisks
  2 vampire mosquitoes (Swamp:2)
  2 nagas (Lair:3)
  5 wargs (Orc:1)
  2 steam dragons
  14 swamp worms
  2 acid dragons
  9 water moccasins
  18 orc warriors
  A sky beast (D:5)
  A necrophage (D:7)
  A black bear (D:6)
  10 ice beasts
  17 ogres
  12 wolves
  3 centaurs
  5 kobold brigands
  19 bullfrogs
  A gnoll sergeant (D:7)
  A wyvern zombie (D:6)
  3 scorpions
  3 water moccasin zombies
  A water moccasin skeleton (D:7)
  9 killer bees (D:9)
  10 wights
  An electric eel (Lair:4)
  2 howler monkeys
  3 lava snakes (Lair:4)
  6 centaur zombies
  A jelly (D:6)
  A gnoll shaman (D:8)
  2 bullfrog skeletons
  11 orc priests
  A centaur skeleton (D:7)
  10 iguanas
  12 orc wizards
  4 adders
  19 gnolls
  2 shadow imps
  15 white imps
  An ufetubus (D:7)
  A worm (D:4)
  4 dart slugs
  53 orcs
  8 bats
  4 endoplasms
  6 giant cockroaches
  8 goblins
  6 hobgoblins
  6 jackals
  6 quokkas
  3 ball pythons
  A frilled lizard (D:1)
  27 kobolds
  9 rats
626 creatures vanquished.

Vanquished Creatures (collateral kills)
  2 two-headed ogres (Orc:2)
  A deep troll (Orc:2)
  2 orc warriors (Orc:2)
  4 ogres (Orc:2)
  An orc priest (Orc:2)
  2 orc wizards (Orc:2)
  6 orcs (Orc:2)
18 creatures vanquished.

Vanquished Creatures (others)
  A two-headed ogre (Orc:2)
  A cane toad (Lair:3)
  A polar bear (Lair:3)
  A swamp worm (Swamp:2)
  A vampire mosquito (Swamp:2)
  An orc warrior (D:10)
  An ogre (Orc:2)
  A bush (D:6)
  24 fungi
  70 plants
102 creatures vanquished.

Grand Total: 746 creatures vanquished

Notes
Turn   | Place    | Note
-------+----------+-------------------------------------------
     0 | D:1      | Lavandula the Formicid Transmuter began the quest for the
                  | Orb.
     0 | D:1      | Reached XP level 1. HP: 15/15 MP: 3/3
   214 | D:1      | Reached XP level 2. HP: 10/21 MP: 3/5
   222 | D:1      | Learned a level 2 spell: Wereblood
  1215 | D:2      | Reached XP level 3. HP: 19/26 MP: 4/6
  1228 | D:2      | Learned a level 3 spell: Spider Form
  1441 | D:1      | Reached skill level 1 in Poison Magic
  1759 | D:1      | Found a faded altar of an unknown god.
  1855 | D:2      | Reached XP level 4. HP: 31/32 MP: 3/7
  2326 | D:2      | Reached XP level 5. HP: 29/37 MP: 3/8
  2337 | D:2      | Reached skill level 5 in Transmutations
  3321 | D:3      | Reached XP level 6. HP: 43/43 MP: 5/9
  3551 | D:3      | Reached skill level 4 in Unarmed Combat
  3995 | D:4      | Noticed a water moccasin
  4158 | D:4      | You fall into a shaft and drop 1 floor!
  4158 | D:5      | Entered Level 5 of the Dungeon
  4169 | D:5      | Noticed a yak
  4194 | D:4      | Learned a level 4 spell: Ice Form
  4233 | D:4      | Found a staircase to the Ecumenical Temple.
  4248 | D:4      | Killed a water moccasin
  4249 | D:4      | Reached XP level 7. HP: 20/48 MP: 7/13
  4273 | D:4      | Found a glowing drain.
  4290 | Sewer    | Entered a sewer
  4381 | Sewer    | Noticed a water moccasin
  4392 | Sewer    | Killed a water moccasin
  4393 | Sewer    | Reached skill level 5 in Unarmed Combat
  4707 | Temple   | Entered the Ecumenical Temple
  4849 | Temple   | Became a worshipper of Ru the Awakened
  5164 | D:4      | Found a stormy altar of Qazlal.
  5234 | D:5      | Reached skill level 1 in Ice Magic
  5265 | D:5      | Found Gozag's Platinum Reserve.
  5359 | D:5      | Reached XP level 8. HP: 54/54 MP: 5/14
  5434 | D:5      | Noticed a yak
  5435 | D:5      | Noticed a yak
  5435 | D:5      | Noticed a yak
  5455 | D:5      | Killed a yak
  5456 | D:5      | Reached skill level 6 in Unarmed Combat
  5473 | D:4      | Killed a yak
  5546 | D:5      | Found a burning altar of Makhleb.
  5628 | D:5      | Reached skill level 7 in Unarmed Combat
  5683 | D:5      | Found Fuck's Jewellery Boutique.
  6095 | D:5      | Found an opulent altar of Gozag.
  6170 | D:6      | Reached skill level 8 in Unarmed Combat
  6179 | D:6      | Reached XP level 9. HP: 59/59 MP: 12/15
  6280 | D:6      | Gained mutation: Your magical capacity is low. (-10% MP)
                  | [Ru sacrifice]
  6757 | D:6      | Reached skill level 5 in Fighting
  6760 | D:6      | Found a basalt altar of Yredelemnul.
  6869 | D:6      | Found an ornate altar of the Wu Jian Council.
  7075 | D:7      | Identified the +7 war axe "Cofadu" {pain, rC+}
  7084 | D:7      | Learned a level 5 spell: Borgnjor's Vile Clutch
  7141 | D:7      | Reached skill level 1 in Necromancy
  7257 | D:7      | Reached skill level 1 in Earth Magic
  7292 | D:7      | Reached XP level 10. HP: 75/77 MP: 14/14
  7442 | D:7      | Reached skill level 5 in Spellcasting
  7537 | D:7      | Found a glowing golden altar of the Shining One.
  7537 | D:7      | Found a radiant altar of Vehumet.
  8160 | D:8      | Found a sparkling altar of Nemelex Xobeh.
  8165 | D:8      | Noticed Grum
  8177 | D:8      | Killed Grum
  8178 | D:8      | Reached skill level 5 in Necromancy
  8254 | D:8      | Found a white marble altar of Elyvilon.
  8351 | D:8      | Gained mutation: You sometimes lose the ability to read
                  | scrolls when taking damage. [Ru sacrifice]
  8351 | D:8      | Reached * piety under Ru
  8351 | D:8      | Reached ** piety under Ru
  8452 | D:8      | Found a staircase to the Lair.
  8648 | D:9      | Reached skill level 1 in Armour
  8697 | D:9      | Noticed Maurice
  8730 | D:9      | Killed Maurice
  8881 | D:9      | Reached skill level 5 in Armour
  8944 | D:9      | Reached XP level 11. HP: 82/82 MP: 11/18
  9632 | D:10     | Entered Level 10 of the Dungeon
  9692 | D:10     | Noticed a centaur warrior
  9713 | D:10     | Killed a centaur warrior
  9714 | D:10     | Reached skill level 5 in Dodging
  9810 | D:10     | Reached skill level 9 in Unarmed Combat
  9984 | D:10     | Learned a level 6 spell: Death Channel
 10254 | D:10     | Found a staircase to the Orcish Mines.
 10428 | D:11     | Noticed a two-headed ogre
 10434 | D:11     | Noticed an eight-headed hydra
 10492 | Orc:1    | Entered Level 1 of the Orcish Mines
 10524 | D:11     | Found a gate leading to a gauntlet.
 10538 | Gauntlet | Entered a Gauntlet
 10538 | Gauntlet | Noticed a reaper
 10538 | Gauntlet | Found a transporter.
 10538 | Gauntlet | Found a transporter.
 10546 | Gauntlet | Noticed a wizard
 10572 | Gauntlet | Found a transporter.
 10574 | Gauntlet | Found a transporter.
 10595 | Gauntlet | Found a transporter.
 10606 | Gauntlet | Found a transporter.
 10612 | Gauntlet | Found a transporter.
 10620 | Gauntlet | Found a transporter.
 10622 | Gauntlet | Noticed a moth of wrath
 10638 | Gauntlet | Found a transporter.
 10646 | Gauntlet | Found a transporter.
 10663 | Gauntlet | Found a transporter.
 10706 | Gauntlet | Identified the amulet of Freedom {Spirit rC+ rCorr}
 10708 | Gauntlet | Identified the +0 cloak of the Onion {Stlth+}
 10759 | Gauntlet | Reached skill level 1 in Evocations
 10766 | Gauntlet | Gained mutation: You cannot train Armour skill. [Ru
                  | sacrifice]
 10766 | Gauntlet | Reached *** piety under Ru
 10802 | Gauntlet | Identified the ring "Onnifue" {rN+ Will+ Str+2}
 10946 | Gauntlet | Identified the ring "Ygiagock" {Will+ Dex+6 Slay+3}
 10946 | Gauntlet | Noticed a minotaur
 10953 | Gauntlet | Identified the +1 ring mail of Egalitarianism {rElec Will+
                  | rCorr}
 10978 | Gauntlet | Killed a minotaur
 11144 | D:11     | Reached skill level 5 in Evocations
 11187 | D:11     | Killed a two-headed ogre
 11451 | D:11     | Noticed a seven-headed hydra
 11478 | D:11     | HP: 3/90 [seven-headed hydra (7)]
 11779 | D:11     | Killed a seven-headed hydra
 11780 | D:11     | Reached XP level 12. HP: 67/84 MP: 9/21
 11785 | D:11     | Killed an eight-headed hydra
 12123 | D:11     | You fall into a shaft and drop 2 floors!
 12406 | D:12     | Learned a level 5 spell: Irradiate
 12420 | D:12     | Reached skill level 1 in Conjurations
 12751 | D:12     | Noticed a two-headed ogre
 12760 | D:12     | Killed a two-headed ogre
 13539 | D:13     | Noticed a tengu warrior
 13552 | D:13     | Killed a tengu warrior
 13617 | D:13     | Reached skill level 10 in Spellcasting
 13749 | D:13     | Found a sacrificial altar of Ru.
 13842 | D:13     | Reached skill level 10 in Unarmed Combat
 14009 | Lair:1   | Entered Level 1 of the Lair of Beasts
 14011 | Lair:1   | Noticed Erica
 14015 | Lair:1   | Noticed a four-headed hydra
 14030 | Lair:1   | You fall into a shaft and drop 1 floor!
 14083 | Lair:1   | Noticed Maggie
 14090 | Lair:1   | You fall into a shaft and drop 1 floor!
 14337 | Lair:2   | Reached skill level 11 in Unarmed Combat
 14344 | Lair:2   | Learned a level 5 spell: Blade Hands
 14405 | Lair:2   | Noticed Urug
 14418 | Lair:2   | Killed Urug
 14452 | Lair:2   | Noticed a six-headed hydra
 14461 | Lair:2   | Killed a six-headed hydra
 14596 | Lair:2   | Reached XP level 13. HP: 69/93 MP: 10/24
 14691 | Lair:2   | Reached skill level 12 in Unarmed Combat
 15023 | Lair:2   | Noticed Gastronok
 15037 | Lair:2   | Killed Gastronok
 15086 | Lair:2   | Noticed an eight-headed hydra
 15094 | Lair:2   | Killed an eight-headed hydra
 15095 | Lair:2   | Reached skill level 13 in Unarmed Combat
 15789 | Lair:3   | Found a transporter.
 15792 | Lair:3   | Found a transporter.
 15824 | Lair:3   | Found a staircase to the Snake Pit.
 15847 | Lair:3   | Reached skill level 14 in Unarmed Combat
 16154 | Lair:3   | Found a bloodstained altar of Trog.
 17084 | Lair:4   | Reached skill level 15 in Unarmed Combat
 17321 | Lair:4   | Reached XP level 14. HP: 69/98 MP: 16/25
 17687 | Lair:4   | Identified 3 scrolls of acquirement
 17692 | Lair:4   | Acquired 749 gold pieces
 17694 | Lair:4   | Acquired 1198 gold pieces
 17696 | Lair:4   | Acquired Zojearoe's Tome of Earthen Dark Arts
 17795 | Lair:4   | Found a staircase to the Swamp.
 17816 | Lair:4   | Reached skill level 16 in Unarmed Combat
 18581 | Lair:5   | Found a viscous altar of Jiyva.
 18581 | Lair:5   | Found a staircase to the Slime Pits.
 19033 | Lair:6   | Entered Level 6 of the Lair of Beasts
 19060 | Lair:6   | Reached skill level 17 in Unarmed Combat
 20396 | Lair:6   | Reached XP level 15. HP: 48/100 MP: 11/26
 21721 | Lair:3   | Noticed Behiugoeme's ghost (journeyman DECj)
 21846 | Lair:1   | Killed Erica
 21907 | Lair:1   | Killed Maggie
 22461 | Lair:1   | Reached skill level 10 in Dodging
 22945 | Orc:1    | Found Disaloschi's General Store.
 22971 | Orc:1    | Found Duigas's Weapon Shoppe.
 23251 | Orc:1    | Bought a scroll of acquirement for 936 gold pieces
 23251 | Orc:1    | Acquired the +9 staff of Wucad Mu {*channel}
 23251 | Orc:1    | Found the +9 staff of Wucad Mu {*channel}
 23401 | Orc:1    | Found Keigex's Magic Scroll Boutique.
 23404 | Orc:1    | Found Gemm's General Store.
 23413 | Orc:1    | Bought a potion of ambrosia for 80 gold pieces
 23413 | Orc:1    | Bought a wand of digging (6) for 200 gold pieces
 23422 | Orc:1    | Bought a scroll of noise for 16 gold pieces
 23509 | Orc:1    | Found Qoaweleques's Weapon Emporium.
 23642 | Orc:1    | Noticed an orc warlord
 23654 | Orc:1    | Killed an orc warlord
 23856 | Orc:2    | Entered Level 2 of the Orcish Mines
 23856 | Orc:2    | Found Icuddubb's Book Boutique.
 23856 | Orc:2    | Found Nuseal's Weapon Shop.
 24440 | Orc:2    | Gained mutation: Your body sometimes deteriorates upon
                  | taking damage. [mutagenic glow]
 24575 | Orc:2    | Reached XP level 16. HP: 91/108 MP: 16/27
 25033 | Orc:2    | Found a staircase to the Elven Halls.
 25039 | Orc:2    | Found Toexod's Magic Scroll Boutique.
 25041 | Orc:2    | Found Tumiwume's Armour Shoppe.
 25114 | Orc:1    | Bought 3 scrolls of acquirement for 2496 gold pieces
 25114 | Orc:1    | Acquired a +0 cloak of stealth
 25116 | Orc:1    | Acquired 569 gold pieces
 25118 | Orc:1    | Acquired the ring "Saruoshulats" {rF+ rN+}
 25309 | Swamp:1  | Entered Level 1 of the Swamp
 25774 | Swamp:1  | Gained mutation: You are missing a hand. [Ru sacrifice]
 25774 | Swamp:1  | Reached **** piety under Ru
 25774 | Swamp:1  | Reached ***** piety under Ru
 25895 | Swamp:1  | Noticed a fenstrider witch
 25989 | Swamp:1  | Noticed a fenstrider witch
 26008 | Swamp:1  | Killed a fenstrider witch
 26157 | Swamp:1  | Killed a fenstrider witch
 26280 | Swamp:1  | Reached skill level 10 in Necromancy
 26728 | Swamp:2  | Gained mutation: You are frail. (-10% HP) [mutagenic glow]
 26735 | Swamp:2  | Gained mutation: Your magical capacity is very low. (-20%
                  | MP) [mutagenic glow]
 26744 | Swamp:2  | HP: 3/94 [five-headed hydra (6)]
 26745 | Swamp:2  | Mangled by a goliath frog

Illustrated notes

Levels and vault maps discovered:
D:1:      noname_arrival_rooms_in_the_neighbourhood, layout_rooms,
          dilly_ecumenical_altar_fadedgnrine, kennysheep_pointless_box
D:2:      layout_loops_corners, corexii_corridor_pit
D:3:      layout_basic
D:4:      layout_basic, mainiacjoe_overflow_alcove_1,
          minmay_temple_entry_arrows, gup_sewer_entry_pipe
D:5:      layout_loops_cross, mainiacjoe_overflow_paths,
          nicolae_gozag_zags_fifth_avenue, serial_shops, nicolae_square_shop
D:6:      layout_loops_ring, nzn_wu_jian_council_hall,
          lemuel_zombie_altar_yredelemnul, minmay_misc_feat_cross,
          kb_lookout_dungeons_type
D:7:      layout_cave_pools, gammafunk_temple_overflow_wave, grunt_ministairs_4
D:8:      layout_cave_pools, elyvilon_altar_4, mainiacjoe_overflow_chevrons,
          lair_entry_dummy, eino_small_chamber_without_monster, uniq_grum
D:9:      layout_loops_cross, uniq_maurice
D:10:     layout_roguey, orc_0_dummy
D:11:     layout_cave_pools, gauntlet_entry_generic
D:12:     layout_basic
D:13:     layout_roguey, lightli_vaults_fourway_checkpoint,
          portal_ice_cave_entry_imps, nicolae_ru_sacrificial_ziggurat
Temple:   nicolae_temple_figure_eight
Lair:1:   beast_lair_carwin_large_4, layout_hall_layers,
          grunt_forest_small_clearings, patterned_corridor,
          serial_bayou_shore_b, uniq_erica, uniq_maggie
Lair:2:   layout_regular_city, grunt_megastairs_1, uniq_gastronok, uniq_urug
Lair:3:   layout_long_grid, guppyfry_snake_entry_island,
          gammafunk_ghost_wrathful_warriors
Lair:4:   layout_gridlike, nicolae_swamp_entry_splash_gauntlet,
          beast_lair_carwin_1
Lair:5:   layout_roguey, dpeg_slime_entry_enclosed_altar, serial_forest,
          infiniplex_forest_clump_small, infiniplex_forest_clump_cross,
          infiniplex_forest_lined_3, infiniplex_forest_end_1, ice2_lemuel
Lair:6:   evilmike_catoblepas_cave, layout_gridlike, serial_bayou_pond_b,
          serial_bayou_shore_a, infiniplex_staircase_pool_2
Swamp:1:  layout_basic_swamp, serial_swamp_ruin, evilmike_swamp_ruin_house_4,
          evilmike_swamp_ruin_house_2, swamp_pool1, cheibrodos_swamp_witchery
Swamp:2:  layout_basic_swamp, nicolae_swamp_well_well_well
Orc:1:    layout_diamond_mine, serial_shops, shop,
          nicolae_shop_bloodbath_and_beyond, shop_scrolls, shop_fountains,
          guppyfry_orc_lava_fort
Orc:2:    st_orc_open, layout_caves

Skill      XL: |  1  2  3  4  5  6  7  8  9 10 11 12 13 14 15 16 |
---------------+-------------------------------------------------+-----
Transmutations | 3 4 5 6 |  6.0
Poison Magic   | 3 |  3.0
Unarmed Combat | 4 5 8 9 11 15 17 | 17.6
Spellcasting   | 4 6 8 10 | 10.0
Ice Magic      | 3 |  3.0
Fighting       | 6 9 |  9.0
Necromancy     | 3 5 6 10 | 10.0
Earth Magic    | 2 4 |  4.0
Armour         | 5 0 |  0.0
Dodging        | 3 5 7 11 | 11.0
Evocations     | 5 |  5.0
Conjurations   | 3 |  3.4

Action                   |  1- 3 |  4- 6 |  7- 9 | 10-12 | 13-15 | 16-18 || total
-------------------------+-------+-------+-------+-------+-------+-------++-------
Melee: Unarmed           |    95 |   120 |   240 |   390 |   667 |   104 ||  1616
       Kick              |    21 |     3 |       |       |       |       ||    24
       Punch             |     1 |       |       |       |    49 |     5 ||    55
 Cast: Beastly Appendage |    19 |     9 |     3 |     1 |       |     1 ||    33
       Spider Form       |     2 |    11 |    23 |    25 |       |       ||    61
       Wereblood         |       |     1 |     7 |    19 |    27 |     1 ||    55
       Ice Form          |       |     1 |     6 |    25 |    30 |     8 ||    70
       Borgnjor's Vile C |       |       |       |    25 |     3 |       ||    28
       Irradiate         |       |       |       |     6 |    12 |    10 ||    28
       Blade Hands       |       |       |       |     2 |    66 |    11 ||    79
       Death Channel     |       |       |       |       |     2 |     1 ||     3
Invok: Sacrifice Essence |       |       |     1 |       |       |       ||     1
       Sacrifice Words   |       |       |       |     1 |       |       ||     1
       Draw Out Power    |       |       |       |    17 |    26 |     4 ||    47
       Sacrifice Durabil |       |       |       |     1 |       |       ||     1
       Reject Sacrifices |       |       |       |     1 |     1 |       ||     2
       Sacrifice a Hand  |       |       |       |       |       |     1 ||     1
 Abil: Shaft Self        |       |     1 |       |     2 |       |       ||     3
       End Transformatio |       |       |       |     4 |     6 |     3 ||    13
       Dig               |       |       |       |     2 |     8 |       ||    10
Evoke: Wand              |       |       |       |     5 |     5 |     3 ||    13
       Condenser vane    |       |       |       |     1 |     2 |     1 ||     4
       Lightning rod     |       |       |       |     3 |     4 |     4 ||    11
       Phial of floods   |       |       |       |       |     1 |       ||     1
  Use: Scroll            |       |     1 |     2 |     9 |     8 |     3 ||    23
       Potion            |       |       |       |     4 |     1 |     3 ||     8
 Stab: Distracted        |       |       |     1 |     2 |     1 |       ||     4
       Confused          |       |       |       |     2 |     4 |       ||     6
       Invisible         |       |       |       |     1 |     3 |       ||     4
       Petrified         |       |       |       |       |     2 |       ||     2
       Petrifying        |       |       |       |       |     2 |       ||     2
       Sleeping          |       |       |       |       |     1 |       ||     1
       Paralysed         |       |       |       |       |       |     2 ||     2
Armor: Robe              |     8 |     7 |     1 |     2 |       |       ||    18
       Skin              |       |    11 |    32 |    58 |    44 |    11 ||   156
       Troll leather arm |       |       |       |       |    70 |    12 ||    82
Dodge: Dodged            |    61 |    66 |   158 |   343 |   335 |   111 ||  1074

Table legend: (Time is in decaauts)
 A = Elapsed time spent in this place.
 B = Non-inter-level travel time spent in this place.
 C = Inter-level travel time spent in this place.
 D = Time resting spent in this place.
 E = Time spent auto-exploring this place.
 F = Levels seen in this place.
 G = Mean time per level.
                   A        B        C        D        E       F      G
               +--------+--------+--------+--------+--------+-----+--------+
         Total |  26529 |  25079 |   1450 |   2620 |  17431 |  26 | 1020.3 |
       Dungeon |  13097 |  12167 |    930 |   1400 |   8444 |  13 | 1007.5 |
        Temple |    226 |    215 |     11 |      0 |    200 |   1 |  226.0 |
          Lair |   8753 |   8444 |    309 |    319 |   6655 |   6 | 1458.8 |
         Swamp |   1465 |   1444 |     21 |    215 |    992 |   2 |  732.5 |
  Orcish Mines |   2186 |   2008 |    178 |    447 |    986 |   2 | 1093.0 |
         Sewer |    242 |    242 |      0 |     26 |    154 |   1 |  242.0 |
      Gauntlet |    558 |    558 |      0 |    213 |      0 |   1 |  558.0 |
               +--------+--------+--------+--------+--------+-----+--------+

Top non-repeatable levels by time:
  Lair:6: 2253 daAuts
  Lair:2: 1585 daAuts
     D:2: 1517 daAuts
     D:1: 1497 daAuts
 Swamp:1: 1432 daAuts
  Lair:4: 1365 daAuts
   Orc:1: 1343 daAuts
  Lair:3: 1257 daAuts
  Lair:5: 1238 daAuts
    D:11: 1180 daAuts
    D:10: 1157 daAuts
  Lair:1: 1053 daAuts
     D:3: 1039 daAuts
     D:9: 1028 daAuts
    D:12: 923 daAuts
